 Dungeon Crawl Stone Soup version 0.16.1-11-g651b585 (webtiles) character file.

97 Shoikan the Cudgeler (level 4, 0/39 HPs)
             Began as a Minotaur Berserker on Apr 3, 2015.
             Was a Believer of Trog.
             Slain by Sigmund
             ... wielding a cursed +0 scythe
              (6 damage)
             ... on level 3 of the Dungeon.
             The game lasted 00:07:08 (1695 turns).

Shoikan the Cudgeler (Minotaur Berserker)           Turns: 1695, Time: 00:07:09

Health: 0/39       AC:  8    Str: 22    XL:     4   Next: 42%
Magic:  2/2        EV:  8    Int:  5    God:    Trog [**....]
Gold:   36         SH:  0    Dex:  9    Spells: 0 memorised, 3 levels left

rFire  . . .     SeeInvis .     a - +0 mace
rCold  . . .     Clarity  .     d - +0 chain mail
rNeg   . . .     SustAb   .     (no shield)
rPois  .         Gourm    .     (helmet restricted)
rElec  .         Spirit   .     (no cloak)
rCorr  .         Warding  .     (no gloves)
rMut   .         Stasis   .     (no boots)
MR     .....                    (no amulet)
Stlth  ..........               (no ring)
                                e - ring of stealth

@: confused, not resistant to hostile enchantments, extremely unstealthy
A: retaliatory headbutt, horns 2
a: Burn Spellbooks, Berserk, Trog's Hand, Renounce Religion


You were on level 3 of the Dungeon.
You worshipped Trog.
Trog was pleased with you.
You were hungry.

You visited 1 branch of the dungeon, and saw 3 of its levels.

You collected 36 gold pieces.

Inventory:

Hand weapons
 a - a +0 mace (weapon)
Armour
 d - a +0 chain mail (worn)
Jewellery
 e - a ring of stealth (left hand)
Scrolls
 h - a scroll of immolation {unknown}
 i - a scroll of enchant armour {unknown}
 l - 2 scrolls of teleportation {unknown}
Potions
 b - a potion of restore abilities {unknown}
 g - 3 potions of heal wounds {unknown}
 j - a potion of agility {unknown}
Comestibles
 c - 2 bread rations
 f - a slice of pizza
 k - a meat ration


   Skills:
 - Level 3.6 Fighting
 + Level 6.3 Maces & Flails
 - Level 2.4 Armour
 - Level 2.1 Dodging
 + Level 0.1 Stealth


You had 3 spell levels left.
You didn't know any spells.

Dungeon Overview and Level Annotations

Branches:
Dungeon (3/15)

Altars:
Gozag

Shops:
D:2 *

Annotations:
D:3 Sigmund


Innate Abilities, Weirdness & Mutations

You reflexively headbutt those who attack you in melee.
You have a pair of horns on your head.


Message History

Something hits you.
* * * LOW HITPOINT WARNING * * *
You hit the gnoll.
The gnoll is lightly wounded.
Something hits you but does no damage. The gnoll hits you but does no damage.
You sock the gnoll! Your headbutt misses the gnoll.
The gnoll is severely wounded.
The gnoll completely misses you. The gnoll hits you but does no damage.
You closely miss the gnoll.
The gnoll is severely wounded.
Something hits you but does no damage. The gnoll hits you.
* * * LOW HITPOINT WARNING * * *
You hit the gnoll.
You kill the gnoll!
Trog accepts your kill. The gnoll hits you but does no damage.
You hear some strange, mumbled words.
You are confused.
Something hits you.
You die...

. ###. ........#
.....>... .........##
...#.#.....#
#..#.....#.#
#..........# #
###.........@#.#
..........%)g).# .
##.........##{..#
...##....#..#........#
........#......##@#...#
................# ##...
....###.........# #.
##.......#......#
...####.#########


You could see a gnoll.

Vanquished Creatures
  An orc wizard (D:3)
  2 gnolls (D:3)
  A worm (D:2)
  2 oozes (D:1)
  2 orcs (D:3)
  A ball python (D:2)
  4 giant cockroaches
  7 goblins
  6 hobgoblins
  4 kobolds (D:1)
  4 bats
  A giant gecko (D:2)
  3 giant newts (D:2)
  A quokka (D:2)
  4 rats
43 creatures vanquished.

Notes
Turn   | Place    | Note
--------------------------------------------------------------
     0 | D:1      | Shoikan, the Minotaur Berserker, began the quest for the Orb.
     0 | D:1      | Reached XP level 1. HP: 19/19 MP: 1/1
    45 | D:1      | Reached skill level 4 in Maces & Flails
   107 | D:1      | Reached XP level 2. HP: 19/26 MP: 1/1
   441 | D:1      | You fall through a shaft!
   441 | D:2      | Found an opulent altar of Gozag.
   441 | D:2      | Found Gozag's Platinum Reserve.
   893 | D:1      | Reached skill level 5 in Maces & Flails
  1031 | D:2      | Reached XP level 3. HP: 31/31 MP: 2/2
  1057 | D:2      | Acquired Trog's second power
  1454 | D:3      | Reached skill level 6 in Maces & Flails
  1454 | D:3      | Reached XP level 4. HP: 10/39 MP: 2/2
  1679 | D:3      | Noticed Sigmund
  1695 | D:3      | Slain by Sigmund

Action                   |  1- 3 |  4- 6 || total
-------------------------+-------+-------++-------
Melee: Mace              |    88 |    13 ||   101
  Eat: Chunk             |     1 |     1 ||     2
